 Dungeon Crawl Stone Soup version 0.29-a0-1042-g87b1fcd763 (webtiles) character file.

Game seed: 779803132006370444

24 polve the Chopper (level 2, -1/24 HPs)
             Began as a Demonspawn Abyssal Knight on Aug 15, 2022.
             Was a Believer of Lugonu.
             Slain by a goblin
             ... wielding a +0 dagger
              (2 damage)
             ... on level 2 of the Dungeon.
             The game lasted 00:00:47 (1430 turns).

polve the Chopper (Demonspawn Abyssal Knight)       Turns: 1430, Time: 00:00:48

Health: -1/24      AC:  6    Str: 13    XL:     2   Next: 79%
Magic:  3/3        EV:  9    Int: 13    God:    Lugonu [**....]
Gold:   76         SH:  0    Dex: 13    Spells: 1/1 levels left

rFire   . . .      SeeInvis .   a - +1 hand axe
rCold   + . .      Faith    .   (no shield)
rNeg    . . .      Spirit   .   e - +0 scale mail
rPois   .          Reflect  .   (no helmet)
rElec   .          Harm     .   (no cloak)
rCorr   .          Rampage  .   (no gloves)
Will    .....                   (no boots)
Stlth   ..........              (no amulet)
HPRegen 0.08/turn               c - ring of protection from cold
MPRegen 0.08/turn               (no ring)

@: no status effects
A: big brain 1
a: Renounce Religion, Depart the Abyss, Bend Space


You were on level 2 of the Dungeon.
You worshipped Lugonu.
Lugonu was pleased with you.
You visited 1 branch of the dungeon, and saw 2 of its levels.
You visited the Abyss 1 time.

You collected 76 gold pieces.

Inventory:

Hand Weapons
 a - a +1 hand axe (weapon)
Armour
 e - a +0 scale mail (worn)
 g - a +0 helmet
Jewellery
 c - a ring of protection from cold (left hand)
Scrolls
 d - 4 scrolls of identify {unknown}
 i - a scroll of fog {unknown}
 k - a scroll of teleportation {unknown}
Potions
 b - a potion of lignification {unknown}
 f - a potion of brilliance {unknown}
 h - 2 potions of curing {unknown}
 j - a potion of flight {unknown}


   Skills:
 - Level 3.0 Fighting
 + Level 3.1 Axes
 - Level 1.7 Armour
 - Level 0.8 Dodging
 - Level 2.4 Invocations


You had one spell level left.
You didn't know any spells.
Your spell library was empty.

Dungeon Overview and Level Annotations

Branches:
Dungeon (2/15)

Altars:


Innate Abilities, Weirdness & Mutations

You have an unusually large brain. (Int +2)


Message History

The endoplasm misses you. The goblin hits you but does no damage.
The frilled lizard bites you. The endoplasm hits you.
The goblin barely misses you. The frilled lizard bites you.
The endoplasm freezes you.
You are frozen.
You resist. The goblin closely misses you.
The goblin hits you but does no damage. The frilled lizard barely misses you.
The endoplasm hits you but does no damage.
The goblin hits you but does no damage.
The frilled lizard bites you but does no damage.
The endoplasm hits you but does no damage.
The frilled lizard barely misses you.
The endoplasm hits you but does no damage.
The goblin misses you.
The frilled lizard bites you but does no damage.
The endoplasm barely misses you. The goblin hits you but does no damage.
The frilled lizard bites you but does no damage.
The endoplasm hits you but does no damage.
The goblin closely misses you. The goblin hits you but does no damage.
The frilled lizard completely misses you.
The endoplasm freezes you.
You are frozen.
You resist. The goblin hits you but does no damage.
The frilled lizard bites you.
* * * LOW HITPOINT WARNING * * *
The endoplasm barely misses you. The frilled lizard closely misses you.
The endoplasm freezes you.
You are frozen.
You resist.
* * * LOW HITPOINT WARNING * * *
The goblin hits you with a +0 dagger.
* * * LOW HITPOINT WARNING * * *
The frilled lizard bites you but does no damage.
The endoplasm closely misses you. The goblin closely misses you.
The frilled lizard bites you but does no damage.
The endoplasm freezes you.
You are frozen.
You resist.
* * * LOW HITPOINT WARNING * * *
The goblin hits you with a +0 dagger.
You die...

### ####
..###...#
##........
#........#
#..J.....#
#<@g.....#
#..l...#..
##........
...#.....
..##.##.#
.### . # .
# .#


You could see an endoplasm, a goblin and a frilled lizard.

Vanquished Creatures
  A dart slug (D:1)
  2 ball pythons (D:1)
  A giant cockroach (D:1)
  3 goblins (D:1)
  3 hobgoblins (D:1)
  2 quokkas (D:1)
  4 bats (D:1)
  2 frilled lizards (D:1)
  A kobold (D:1)
  2 rats (D:1)
21 creatures vanquished.

Notes
Turn   | Place    | Note
-------+----------+-------------------------------------------
     0 | Abyss:1  | polve the Demonspawn Abyssal Knight began the quest for the
                  | Orb.
     0 | Abyss:1  | Reached XP level 1. HP: 18/18 MP: 2/2
     6 | Abyss:1  | Found a corrupted altar of Lugonu.
    42 | D:1      | Escaped the Abyss
   426 | D:1      | Reached ** piety under Lugonu
   450 | D:1      | Gained mutation: You have an unusually large brain. (Int
                  | +2) [demonic ancestry]
   450 | D:1      | Reached XP level 2. HP: 22/24 MP: 3/3
  1430 | D:2      | HP: 1/24 [frozen (2)]
  1430 | D:2      | Slain by a goblin

Illustrated notes

Levels and vault maps discovered:
D:1:      saegor_arrival_simple_c, layout_basic
D:2:      layout_rooms, dreamdust_ecumenical_altar_hidden_monk_grotto,
          uniq_robin

Skill      XL: |  1  2 |
---------------+-------+-----
Axes           | 2 3 |  3.1
Fighting       | |  3.0
Armour         | |  1.7
Dodging        | |  0.8
Invocations    | |  2.4

Action                   || total
-------------------------++-------
Melee: Hand axe          ||    52
Invok: Depart the Abyss  ||     1
Armor: Scale mail        ||    47
       Leather armour    ||     1
Dodge: Dodged            ||    43

Table legend: (Time is in decaauts)
 A = Elapsed time spent in this place.
 B = Non-inter-level travel time spent in this place.
 C = Inter-level travel time spent in this place.
 D = Time resting spent in this place.
 E = Time spent auto-exploring this place.
 F = Levels seen in this place.
 G = Mean time per level.
                   A        B        C        D        E       F      G
               +--------+--------+--------+--------+--------+-----+--------+
         Total |   1438 |   1378 |     60 |      0 |   1198 |   3 |  479.3 |
       Dungeon |   1396 |   1336 |     60 |      0 |   1158 |   2 |  698.0 |
         Abyss |     42 |     42 |      0 |      0 |     40 |   1 |   42.0 |
               +--------+--------+--------+--------+--------+-----+--------+

Top non-repeatable levels by time:
     D:1: 1370 daAuts
 Abyss:1: 42 daAuts
     D:2: 25 daAuts
